 Dungeon Crawl Stone Soup version 0.29.1-15-g9cfb28693d (webtiles) character file.

Game seed: 14330450391041373578

382 H0rd4k the Charlatan (level 6, -8/41 HPs)
             Began as an Octopode Artificer on Mar 29, 2023.
             Killed by divine providence
             ... invoked by an orc priest
              (10 damage)
             ... on level 5 of the Dungeon.
             The game lasted 00:04:35 (5428 turns).

H0rd4k the Charlatan (Octopode Artificer)           Turns: 5428, Time: 00:04:36

Health: -8/41      AC:  1    Str: 11    XL:     6   Next: 76%
Magic:  19/19      EV: 14    Int: 16    God:
Gold:   214        SH:  0    Dex: 18    Spells: 7/10 levels left

rFire   x . .      SeeInvis .   f - staff of poison
rCold   + . .      Faith    .   (no shield)
rNeg    . . .      Spirit   .   (helmet restricted)
rPois   +          Reflect  .   (no amulet)
rElec   .          Harm     .   y - +6 ring of dexterity
rCorr   .          Rampage  .   r - ring of magical power
Will    .....                   o - ring of ice
Stlth   +++.......              (no ring)
HPRegen 0.13/turn               (no ring)
MPRegen 0.16/turn               (no ring)
                                (no ring)
                                (no ring)

@: no status effects
A: almost no armour, amphibious, 8 rings, camouflage 1, gelatinous body 1,
(nimble swimmer 1), tentacles
a: no special abilities


You were on level 5 of the Dungeon.
You visited 1 branch of the dungeon, and saw 5 of its levels.

You collected 214 gold pieces.

Inventory:

Missiles
 i - 10 poisoned darts (quivered)
Magical Staves
 f - a staff of poison (weapon)
 k - a staff of cold
Jewellery
 o - a ring of ice (on tentacle)
 r - a ring of magical power (right tentacle)
 y - a +6 ring of dexterity (left tentacle)
Wands
 b - a wand of flame (11)
 c - a wand of charming (7)
 d - a wand of iceblast (7)
 j - a wand of paralysis (7)
Scrolls
 e - 5 scrolls of identify {unknown}
 g - a scroll of fear {unknown}
 m - a scroll of brand weapon {unknown}
 n - a scroll of immolation {unknown}
 p - a scroll of poison {unknown}
 s - 2 scrolls of teleportation {unknown}
 u - a scroll of enchant armour {unknown}
 v - a scroll of torment {unknown}
 w - 2 scrolls of magic mapping {unknown}
Potions
 a - a potion of attraction {unknown}
 h - 2 potions of invisibility {unknown}
 l - 2 potions of mutation {unknown}
 q - a potion of resistance {unknown}
 t - 3 potions of curing {unknown}
 x - 2 potions of haste
 z - a potion of lignification {unknown}
 A - a potion of cancellation {unknown}
 B - a potion of flight {unknown}


   Skills:
 + Level 2.9 Fighting
 - Level 3.0 Staves
 + Level 0.6 Throwing
 - Level 2.3 Dodging
 - Level 1.3 Stealth
 + Level 1.0 Unarmed Combat
 * Level 2.8 Spellcasting
 + Level 1.2 Air Magic
 + Level 3.1 Poison Magic
 - Level 3.2 Evocations


You had 7 spell levels left.
You knew the following spells:

 Your Spells              Type           Power      Damage    Failure   Level
a - Swiftness             Air            6%         N/A       34%         3

Your spell library contained the following spells:

 Spells                   Type           Power      Damage    Failure   Level
 Shock                    Conj/Air       16%        1d4       16%         1
 Corpse Rot               Necr/Pois/Air  10%        N/A       71%         4
 Airstrike                Air            3%         2d(1-17)  75%         4
 Dispel Undead            Necr           2%         3d7       88%         4
 Death Channel            Necr           1%         N/A       100%        6


Dungeon Overview and Level Annotations

Branches:
Dungeon (5/15)
 Temple: D:4-7

Altars:

Annotations:
D:5 Pikel


Innate Abilities, Weirdness & Mutations

You cannot wear most types of armour.
You are amphibious.
You can wear up to eight rings at the same time.
Your skin changes colour to match your surroundings (Stealth+).
Your rubbery body absorbs attacks. (AC +1, EV +1)
((You are camouflaged when in or above water. (Stealth+)))
You have tentacles for arms and can constrict up to eight enemies at once.


Message History

[Y]es or [N]o only, please.
Are you sure you want to stumble around while confused and next to your orc wizard?
You bump into the rock wall.
The orc drinks a potion.
The orc seems to speed up.
The orc priest hits your orc wizard with a +0 hand axe.
Are you sure you want to stumble around while confused and next to your orc wizard? [Y]es or [N]o only, please.
Are you sure you want to stumble around while confused and next to your orc wizard? [Y]es or [N]o only, please.
Are you sure you want to stumble around while confused and next to your orc wizard? [Y]es or [N]o only, please.
Are you sure you want to stumble around while confused and next to your orc wizard?
Okay, then.
Pikel says, "Antaeus said I was his favorite kobold.
Me!"
Your orc wizard barely misses the orc priest.
The orc wizard hits you with a +0 dagger.
The orc priest miscasts a cantrip.
The orc closely misses your orc wizard.
Pikel hits your orc wizard with a +1 whip of flaming!
Pikel burns your orc wizard.
Your orc wizard dies!
An orc comes into view. It is wielding a +0 dagger.
The orc wizard gestures at you while chanting.
You resist with some effort.
You hit the orc wizard but do no damage.
Your squeeze misses the orc wizard.
The orc wizard hits you with a +0 dagger.
The orc priest misses you.
The orc priest attacks as you move away!
The orc priest hits you with a +0 hand axe.
* * * LOW HITPOINT WARNING * * *
You feel less confused. The orc misses you.
The orc hits you with a +0 hand axe.
* * * LOW HITPOINT WARNING * * *
The orc wizard attacks as you move away!
The orc wizard hits you with a +0 dagger.
* * * LOW HITPOINT WARNING * * *
The orc priest mumbles some strange prayers to Beogh against you.
Beogh smites you!
You die...

##'### #.....
#.....## #.....o#
#### #......# ..#
#....)o# ####.#
#...O..#
#<.#.###########o#
#..............@.#
####.#############
...# #####


You could see an orc priest and 2 orcs.

Vanquished Creatures
  A scorpion (D:4)
  2 jellies (D:4)
  An iguana (D:4)
  Terence (D:2)
  Robin (D:4)
  4 gnolls
  4 adders
  4 worms
  5 dart slugs
  2 orcs (D:4)
  3 endoplasms
  6 giant cockroaches
  14 goblins
  13 hobgoblins
  A jackal (D:2)
  6 quokkas
  8 ball pythons
  4 bats
  2 frilled lizards (D:1)
  10 kobolds
  5 rats
97 creatures vanquished.

Vanquished Creatures (collateral kills)
  An endoplasm (D:2)
  A goblin (D:1)
  2 hobgoblins
  A bat (D:2)
  A kobold (D:2)
6 creatures vanquished.

Vanquished Creatures (others)
  A gnoll bouda (D:4)
  An orc wizard (D:5)
  A gnoll (D:4)
  A plant (D:3)
4 creatures vanquished.

Grand Total: 107 creatures vanquished

Notes
Turn   | Place    | Note
-------+----------+-------------------------------------------
     0 | D:1      | H0rd4k the Octopode Artificer began the quest for the Orb.
     0 | D:1      | Reached XP level 1. HP: 13/13 MP: 1/1
   218 | D:1      | Reached skill level 1 in Spellcasting
   518 | D:1      | Reached XP level 2. HP: 12/18 MP: 3/3
   935 | D:1      | Reached XP level 3. HP: 19/23 MP: 5/5
   939 | D:1      | Learned a level 3 spell: Swiftness
  1036 | D:1      | Reached skill level 1 in Poison Magic
  1450 | D:2      | Noticed Terence
  1502 | D:2      | Killed Terence
  1503 | D:2      | Reached skill level 1 in Air Magic
  1503 | D:2      | Reached XP level 4. HP: 24/29 MP: 5/7
  1914 | D:2      | Reached skill level 1 in Staves
  2092 | D:2      | Reached XP level 5. HP: 32/34 MP: 8/8
  3654 | D:4      | Reached XP level 6. HP: 38/41 MP: 9/9
  3788 | D:4      | Noticed Robin
  3886 | D:4      | Reached skill level 1 in Unarmed Combat
  4163 | D:4      | Killed Robin
  5402 | D:5      | Entered Level 5 of the Dungeon
  5421 | D:5      | Noticed Pikel
  5428 | D:5      | HP: 1/41 [orc wizard/+0 dagger (5)]
  5428 | D:5      | Killed from afar by an orc priest

Illustrated notes

Levels and vault maps discovered:
D:1:      dpeg_arrival_rooms_with_view, layout_rooms
D:2:      minmay_recursive_quarters, layout_loops_ring, uniq_terence
D:3:      layout_basic, chequers_big_river
D:4:      layout_loops_corners, uniq_robin
D:5:      layout_basic, minmay_temple_entry_mini_moons,
          nicolae_ossuary_entry_plus, uniq_pikel

Skill      XL: |  1  2  3  4  5  6 |
---------------+-------------------+-----
Spellcasting   | 1 2 |  2.8
Poison Magic   | 1 2 3 |  3.1
Air Magic      | 1 |  1.2
Staves         | 1 2 3 |  3.0
Fighting       | 2 |  2.9
Unarmed Combat | 1 |  1.0
Throwing       | |  0.6
Dodging        | |  2.3
Stealth        | |  1.3
Evocations     | |  3.2

Action                   |  1- 3 |  4- 6 || total
-------------------------+-------+-------++-------
Melee: Unarmed           |    13 |       ||    13
       Constrict         |    23 |    38 ||    61
       Tentacles         |    17 |    37 ||    54
       Punch             |     1 |     3 ||     4
       Staff             |    52 |   147 ||   199
Throw: Dart              |       |    14 ||    14
Evoke: Wand              |     7 |     9 ||    16
 Stab: Sleeping          |     6 |    19 ||    25
Armor: Skin              |     9 |    12 ||    21
Dodge: Dodged            |    45 |    78 ||   123
